 Dungeon Crawl Stone Soup version 0.28-a0-883-gc8d7bad45d (webtiles) character file.

Game seed: 16025738137445680333

761 mainiacjoe the Skirmisher (level 7, 0/63 HPs)
             Began as a Hill Orc Fire Elementalist on Nov 21, 2021.
             Slain by a bullfrog zombie (5 damage)
             ... on level 6 of the Dungeon.
             The game lasted 00:14:59 (4894 turns).

mainiacjoe the Skirmisher (HOFE)                    Turns: 4894, Time: 00:15:00

Health: 0/63       AC:  3    Str: 17    XL:     7   Next: 80%
Magic:  0/9        EV: 13    Int: 17    God:
Gold:   27         SH:  0    Dex: 11    Spells: 6/9 levels left

rFire   . . .      SeeInvis .   a - +1 dagger (venom)
rCold   . . .      Faith    .   (no shield)
rNeg    . . .      Spirit   .   f - +1 robe
rPois   .          Reflect  .   (no helmet)
rElec   .          Harm     .   (no cloak)
rCorr   .          Rampage  .   (no gloves)
Will    .....                   (no boots)
Stlth   ++........              (no amulet)
HPRegen 0.20/turn               i - +6 ring of strength
MPRegen 0.11/turn               (no ring)

@: hasted, very quick
A: no striking features
a: no special abilities


You were on level 6 of the Dungeon.
You visited 1 branch of the dungeon, and saw 7 of its levels.

You collected 127 gold pieces.
You spent 100 gold pieces at shops.

Inventory:

Hand Weapons
 a - a +1 dagger of venom (weapon)
 b - a +0 flail
 g - a +0 vampiric short sword
 p - a +0 hand axe
 t - a +0 arbalest
Missiles
 d - 50 stones (quivered)
 m - 13 bolts
 n - 38 sling bullets
Armour
 f - a +1 robe (worn)
Magical Staves
 o - a staff of cold
Jewellery
 i - a +6 ring of strength (left hand)
Scrolls
 e - 2 scrolls of enchant armour
 j - 2 scrolls of teleportation
 k - a scroll of immolation
 q - a scroll of fog
 s - a scroll of holy word {unknown}
 u - a scroll of silence {unknown}
Potions
 c - a potion of haste
 l - a potion of cancellation
 r - a potion of brilliance


   Skills:
 + Level 6.0 Fighting
 + Level 4.5 Dodging
 - Level 1.5 Stealth
 - Level 1.5 Spellcasting
 - Level 2.0 Conjurations
 - Level 5.1 Fire Magic


You had 6 spell levels left.
You knew the following spells:

 Your Spells              Type           Power      Damage    Failure   Level
a - Foxfire               Conj/Fire      52%        2x1d6     4%          1
b - Scorch                Fire           36%        2d7       3%          2

Your spell library contained the following spells:

 Spells                   Type           Power      Damage    Failure   Level
 Conjure Flame            Conj/Fire      13%        6-21      14%         3
 Inner Flame              Hex/Fire       10%        N/A       22%         3
 Flame Wave               Conj/Fire      13%        3d5       43%         4


Dungeon Overview and Level Annotations

Branches:
Dungeon (7/15)
 Temple: D:4-7

Altars:
Ashenzari
Trog

Shops:
D:3 *

Annotations:
D:4 1 exclusion


Message History

The orc wizard shouts!
You hear a shout!
An orc comes into view. It is wielding a +0 falchion.
Found 16 gold pieces.
The orc shouts!
You hear an angry growl.
The orc wizard casts a spell at you. The magic dart hits you.
* * * LOW HITPOINT WARNING * * *
An orc warrior opens the door.
As you read the scroll of teleportation, it crumbles to dust.
You feel strangely unstable.
An orc wizard comes into view. It is wielding a +0 dagger.
The orc wizard moves out of view.
Casting: Scorch (safe; 3% risk of failure)
Confirm with . or Enter, or press ? or * to list all spells.
Flames lash the orc.
The orc is severely wounded.
The orc's fire resistance burns away.
You hear a shout!
You hear an angry growl.
Your surroundings suddenly seem different.
A bullfrog zombie comes into view.
Found 8 stones and a forked silver wand.
You feel yourself speed up.
Found a masterwork shortbow.
Found a dagger.
A kobold comes into view. It is wielding a +2 dagger of freezing.
You see here the +6 shortbow of Deformation {vorpal, rC+ Str+8 Int-5 Stlth-}.
Casting: Scorch (safe; 3% risk of failure)
Confirm with . or Enter, or press ? or * to list all spells.
Flames lash the bullfrog zombie.
The bullfrog zombie is moderately damaged.
The bullfrog zombie's fire resistance burns away.
You hear a bark!
A hound comes into view.
Casting: Scorch (safe; 3% risk of failure)
Confirm with . or Enter, or press ? or * to list all spells.
Flames lash the bullfrog zombie.
The bullfrog zombie is burned terribly!
The bullfrog zombie is severely damaged.
A kobold comes into view. It is wielding a +0 whip.
The bullfrog zombie hits you.
You die...

.... ..... ..#...K.K
.....)... .#.####
..#.... ..
.....##+#.#.h. ...
#....##.#...# #
#.##....##.#...##.# #..
..../...##.#@.....#
..#.. #.....##.#Z..##.#
. #...#.....##.#...##.#
.......................
#.#
..#.....####.#..####
o.# #.##### #.##.# # ..
#.. ... # (.. ####.###
# ...


You could see a hound, a bullfrog zombie (combustible) and 2 kobolds.

Vanquished Creatures
  A water moccasin (D:7)
  A black bear (D:3)
  An orc warrior (D:7)
  A sky beast (D:7)
  A phantom (D:5)
  A water moccasin skeleton (D:6)
  A hound (D:6)
  A gnoll shaman (D:6)
  A bullfrog skeleton (D:7)
  An orc wizard (D:7)
  A howler monkey skeleton (D:7)
  An adder (D:2)
  7 gnolls
  2 worms
  2 dart slugs
  An orc (D:3)
  4 ball pythons
  3 endoplasms
  3 giant cockroaches
  5 goblins
  8 hobgoblins
  5 jackals
  A quokka (D:3)
  4 bats
  5 frilled lizards
  3 kobolds
  3 rats
68 creatures vanquished.

Vanquished Creatures (others)
  118 foxfires
118 creatures vanquished.

Grand Total: 186 creatures vanquished

Notes
Turn   | Place    | Note
-------+----------+-------------------------------------------
     0 | D:1      | mainiacjoe the Hill Orc Fire Elementalist began the quest
                  | for the Orb.
     0 | D:1      | Reached XP level 1. HP: 14/14 MP: 3/3
   111 | D:1      | Reached XP level 2. HP: 3/20 MP: 0/4
   116 | D:1      | Learned a level 2 spell: Scorch
   738 | D:1      | Reached XP level 3. HP: 26/26 MP: 2/5
  1370 | D:2      | Reached XP level 4. HP: 28/33 MP: 0/6
  1462 | D:2      | Reached skill level 5 in Fire Magic
  1631 | D:2      | Reached skill level 1 in Fighting
  2317 | D:3      | Noticed a black bear
  2320 | D:3      | Killed a black bear
  2321 | D:3      | Reached skill level 2 in Fighting
  2321 | D:3      | Reached XP level 5. HP: 44/44 MP: 0/7
  2870 | D:3      | Reached skill level 3 in Fighting
  3253 | D:3      | Found a broken altar of Ashenzari.
  3255 | D:3      | Found Eroserghi's General Store.
  3264 | D:3      | Bought a scroll of fog for 20 gold pieces
  3264 | D:3      | Bought a potion of brilliance for 40 gold pieces
  3264 | D:3      | Bought a scroll of identify for 20 gold pieces
  3454 | D:3      | Bought a scroll of identify for 20 gold pieces
  3747 | D:4      | You fall into a shaft and drop 3 floors!
  3750 | D:7      | Reached XP level 6. HP: 51/51 MP: 3/8
  3801 | D:7      | Found a bloodstained altar of Trog.
  3819 | D:7      | Noticed a sky beast
  3841 | D:7      | Killed a sky beast
  3842 | D:7      | Reached skill level 4 in Fighting
  4043 | D:7      | Noticed a water moccasin
  4065 | D:7      | Killed a water moccasin
  4066 | D:7      | Reached XP level 7. HP: 22/60 MP: 0/9
  4289 | D:7      | Reached skill level 5 in Fighting
  4679 | D:5      | Entered Level 5 of the Dungeon
  4853 | D:6      | Reached skill level 6 in Fighting
  4854 | D:6      | HP: 2/63 [something (5)]
  4879 | D:6      | HP: 2/63 [orc wizard/magic dart (5)]
  4892 | D:6      | Identified the +6 shortbow of Deformation {vorpal, rC+
                  | Str+8 Int-5 Stlth-}
  4894 | D:6      | Slain by a bullfrog zombie

Illustrated notes

Levels and vault maps discovered:
D:1:      minmay_arrival_semitransparent, layout_loops_cross
D:2:      layout_rooms
D:3:      layout_basic, mainiacjoe_overflow_alcove_1, serial_shops, shop,
          kennysheep_generic_room_14
D:4:      layout_cave_pools, gup_sewer_entry_pipe
D:5:      layout_rooms, uniq_ijyb, uniq_eustachio, uniq_sigmund
D:6:      layout_basic, kennysheep_mini_moat, nicolae_gozag_zags_fifth_avenue,
          minmay_temple_entry_grid, hangedman_decor_clover_reticule
D:7:      layout_cave_pools, mainiacjoe_overflow_boulevard, marbit_many_paths

Skill      XL: |  1  2  3  4  5  6  7 |
---------------+----------------------+-----
Conjurations   | 2 |  2.0
Fire Magic     | 4 5 |  5.1
Fighting       | 2 3 4 6 |  6.0
Dodging        | 2 3 4 |  4.5
Stealth        | |  1.5
Spellcasting   | |  1.5

Action                   |  1- 3 |  4- 6 |  7- 9 || total
-------------------------+-------+-------+-------++-------
Melee: Unarmed           |     3 |       |       ||     3
       Short sword       |     2 |       |       ||     2
       Dagger            |     9 |    48 |    16 ||    73
       Flail             |       |       |     5 ||     5
Throw: Stone             |     6 |    13 |     1 ||    20
 Cast: Foxfire           |    32 |    37 |     6 ||    75
       Scorch            |     9 |    20 |    16 ||    45
  Use: Scroll            |     1 |     6 |     3 ||    10
       Potion            |       |       |     3 ||     3
 Stab: Sleeping          |     3 |     1 |       ||     4
Armor: Robe              |     3 |    16 |     6 ||    25
Dodge: Dodged            |    10 |    38 |    25 ||    73

Table legend: (Time is in decaauts)
 A = Elapsed time spent in this place.
 B = Non-inter-level travel time spent in this place.
 C = Inter-level travel time spent in this place.
 D = Time resting spent in this place.
 E = Time spent auto-exploring this place.
 F = Levels seen in this place.
 G = Mean time per level.
                   A        B        C        D        E       F      G
               +--------+--------+--------+--------+--------+-----+--------+
         Total |   4893 |   4782 |    111 |   1580 |   2397 |   7 |  699.0 |
       Dungeon |   4893 |   4782 |    111 |   1580 |   2397 |   7 |  699.0 |
               +--------+--------+--------+--------+--------+-----+--------+

Top non-repeatable levels by time:
     D:3: 1510 daAuts
     D:1: 1282 daAuts
     D:2: 902 daAuts
     D:7: 822 daAuts
     D:6: 236 daAuts
     D:5: 86 daAuts
     D:4: 51 daAuts
